AoeStats
← AOELG_bravedave92

Arena

507277502Analyzed
1v1 RM · 16d ago on Sep 17, 2026· 39m 25s· 2 players
Game mode
Random Map
Map size
Tiny (2 player)
Population
200
Speed
Normal
Resources
Standard
Victory
Conquest
Starting age
Dark Age
Ending age
Imperial Age
RankedLock teamsTeams togetherTeam positionsShared explorationLock speedFull tech treeHidden civsTurbo modeCheats
Victory
Defeat
🇹🇼 Turks · Taiwan
853
+18
🇩🇪 Persians · Germany
899
-18
TX430054
11:04 Feudal Age
15:17 Castle Age
13:51 Double-Bit Axe
14:27 Gold Mining
14:44 Horse Collar
15:41 Loom
18:10 Bow Saw
23:42 Padded Archer Armor
25:35 Wheelbarrow
27:03 Leather Archer Armor
32:22 Imperial Age
35:42 Elite Janissary
37:16 Ring Archer Armor
40:07 Hand Cart
39:39 Town Watch
AOELG_bravedave92
4:28 Loom
11:03 Feudal Age
14:51 Castle Age
15:04 Double-Bit Axe
15:37 Horse Collar
16:39 Loom
19:07 Forging
19:03 Scale Barding Armor
24:58 Wheelbarrow
24:20 Elite Skirmisher
24:53 Fletching
25:04 Padded Archer Armor
26:32 Bodkin Arrow
27:09 Bow Saw
28:52 Leather Archer Armor
33:57 Thumb Ring
34:23 Hand Cart
38:18 Imperial Age
39:16 Iron Casting
39:02 Chain Barding Armor
39:12 Ring Archer Armor
38:10 Cavalier
38:52 Husbandry
Connection lost

Rejoining the realm…

Still unreachable

The connection could not be restored.

Session expired

The server has moved on; the page needs a fresh start.